 Dungeon Crawl Stone Soup version 0.30.0-29-ga12c61a403 (webtiles) character file.

Game seed: 10942190252934536816

292 ChadusMaximus the Shield-Bearer (level 6, 0/49 HPs)
             Began as a Formicid Fighter on June 19, 2023.
             Slain by a gnoll
             ... wielding a +0 halberd
              (7 damage)
             ... on level 3 of the Dungeon.
             The game lasted 00:01:44 (1638 turns).

ChadusMaximus the Shield-Bearer (Formicid Fighter)  Turns: 1638, Time: 00:01:45

Health: 0/49       AC:  7    Str: 23    XL:     6   Next: 59%
Magic:  6/6        EV: 14    Int:  7    God:
Gold:   181        SH:  5    Dex: 13    Spells: 5/5 levels left

rFire   . . .        a - +0 war axe
rCold   . . .        c - +0 buckler
rNeg    . . .        b - +0 scale mail
rPois   .            (helmet unavailable)
rElec   .            (no cloak)
rCorr   .            (no gloves)
SInv    +            (no boots)
Will    .....        (no amulet) Stlth
                     k - +5 ring of evasion
HPRegen 0.28/turn    h - ring of flight
MPRegen 0.10/turn

%: no passive effects
@: flying, studying Transmutations
A: permanent stasis, dig shafts and tunnels, antennae 3, four strong arms
a: Dig, Shaft Self


You were on level 3 of the Dungeon.
You visited 1 branch of the dungeon, and saw 3 of its levels.

You collected 181 gold pieces.

Inventory:

Hand Weapons
 a - a +0 war axe (weapon)
Armour
 b - a +0 scale mail (worn)
 c - a +0 buckler (worn)
Jewellery
 h - a ring of flight (right hand)
 k - a +5 ring of evasion (left hand)
 q - a ring of poison resistance
Scrolls
 f - a scroll of blinking {unknown}
 g - 2 scrolls of identify {unknown}
 j - a scroll of amnesia {unknown}
 l - 2 scrolls of magic mapping {unknown}
 m - a scroll of teleportation {unknown}
 n - 2 scrolls of poison {unknown}
Potions
 d - a potion of might
 e - 2 potions of curing {unknown}
 i - 2 potions of brilliance {unknown}
 o - a potion of degeneration {unknown}
 p - a potion of cancellation {unknown}


   Skills:
 + Level 4.6 Fighting
 + Level 3.6 Axes
 + Level 4.6 Armour
 + Level 5.7 Shields


You had 5 spell levels left.
You didn't know any spells.
Your spell library contained the following spells:

 Spells                   Type           Power      Damage    Failure   Level
 Frozen Ramparts          Ice            0%         1d1       99%         3
 Volatile Blastmotes      Fire/Tloc      0%         2d10      99%         3
 Fulminant Prism          Conj/Hex       0%         3d5       100%        4
 Ice Form                 Ice/Tmut       0%         N/A       100%        4
 Iskenderun's Mystic Bla  Conj/Tloc      0%         2d3       100%        4
 Summon Ice Beast         Ice/Summ       0%         N/A       100%        4
 Lee's Rapid Deconstruct  Erth           0%         3d4*      100%        5


Dungeon Overview and Level Annotations

Branches:
Dungeon (3/15)

Altars:


Innate Abilities, Weirdness & Mutations

You cannot be hasted, slowed, berserked, paralysed or teleported.
You can dig through walls and to a lower floor.
You have a pair of large antennae on your head. (SInv)
Your four strong arms can wield two-handed weapons with a shield.


Message History

2 gnolls come into view.
The gnoll shouts! x2; You hear an angry hiss.
Things that are here:
a +0 whip; a quokka corpse; a gnoll corpse A ball python comes into view.
The ball python hisses angrily.
The gnoll completely misses you.
You see here a +0 plate armour.
You barely miss the ball python. The ball python barely misses you.
The ball python grabs you. The ball python constricts you.
The gnoll hits you from afar with a +0 halberd.
You barely miss the ball python.
The ball python bites you but does no damage.
The ball python constricts you.
The gnoll hits you from afar with a +0 halberd!
The ball python barely misses you. The ball python constricts you.
You barely miss the ball python.
The gnoll hits you from afar with a +0 halberd.
The gnoll hits you from afar with a +0 spear.
The ball python barely misses you. The ball python constricts you.
The gnoll completely misses you. You block the gnoll's attack.
You slash the ball python!
You kill the ball python!
The gnoll misses you.
The gnoll hits you from afar with a +0 spear.
The gnoll throws a throwing net.
The throwing net completely misses you.
Things that are here:
a +0 whip; a quokka corpse; a gnoll corpse The gnoll hits you with a +0 halberd!
* * * LOW HITPOINT WARNING * * *
The gnoll hits you but does no damage.
You hit the gnoll.
The gnoll is moderately wounded.
The gnoll hits you from afar with a +0 spear.
* * * LOW HITPOINT WARNING * * *
The gnoll hits you with a +0 halberd.
* * * LOW HITPOINT WARNING * * *
The gnoll misses you.
The gnoll hits you from afar with a +0 halberd!
You die...

..............................
...........#######............
#....[...# #.......####.
#....#)..# #............
#....#..(# ####.###.##..
#....#..g##### #.#......#
#....##.#.g..# #.......<.
#.... #......# ###.....##
##### ###..@.## ##......
#.....##############
#.........†.....##..
#....#.########.##..
#....#........#.##.. {
######.######.#.##..
#......#.#.##..
######.#.#.##.. #.#.#.##..


You could see 2 gnolls.

Vanquished Creatures
  Grinder (D:3)
  A gnoll (D:3)
  3 adders
  A worm (D:2)
  2 dart slugs
  6 ball pythons
  3 bats
  An endoplasm (D:2)
  A giant cockroach (D:1)
  4 goblins (D:1)
  6 hobgoblins
  5 quokkas
  3 frilled lizards
  7 kobolds
  2 rats (D:1)
46 creatures vanquished.

Notes
Turn   | Place    | Note
-------+----------+-------------------------------------------
     0 | D:1      | ChadusMaximus the Formicid Fighter began the quest for the
                  | Orb.
     0 | D:1      | Reached XP level 1. HP: 18/18 MP: 1/1
    36 | D:1      | Reached XP level 2. HP: 24/24 MP: 2/2
   523 | D:1      | Reached XP level 3. HP: 26/29 MP: 3/3
   712 | D:2      | Identified the +11 spear of Diet Blood {elec, rF+ rC+}
  1136 | D:2      | Reached XP level 4. HP: 37/37 MP: 4/4
  1406 | D:3      | Noticed Grinder
  1428 | D:3      | Killed Grinder
  1429 | D:3      | Reached skill level 5 in Shields
  1429 | D:3      | Reached XP level 5. HP: 34/43 MP: 5/5
  1429 | D:3      | Reached XP level 6. HP: 39/49 MP: 6/6
  1638 | D:3      | Slain by a gnoll

Illustrated notes

Levels and vault maps discovered:
D:1:      wander_arrival_lonely_grave, layout_rooms, grunt_decor_arrowhead
D:2:      wander_river, layout_loops_ring, minmay_hexomino_u4
D:3:      layout_basic, uniq_grinder

Skill      XL: |  1  2  3  4 |
---------------+-------------+-----
Fighting       | 4 |  4.6
Axes           | 3 |  3.6
Armour         | 4 |  4.6
Shields        | 5 |  5.7

Action                     |  1- 3 |  4- 6 || total
---------------------------+-------+-------++-------
  Melee: War axe           |    85 |    60 ||   145
    Use: Potion            |       |     1 ||     1
 Armour: Scale mail        |    40 |    16 ||    56
  Dodge: Dodged            |    31 |    40 ||    71
  Block: Buckler           |    17 |    19 ||    36
